 Dungeon Crawl Stone Soup version 0.30.1-4-g462c640d31 (webtiles) character file.

Game seed: 8962797737366277174

17360 Jerry the Covert (level 12, -1/65 HPs)
             Began as a Vine Stalker Fighter on Sept 9, 2023.
             Was a Believer of Uskayaw.
             Slain by a bog body (5 damage)
             ... on level 2 of the Lair of Beasts.
             The game lasted 00:38:10 (8973 turns).

Jerry the Covert (Vine Stalker Fighter)             Turns: 8973, Time: 00:38:10

Health: -1/65      AC: 17    Str: 18    XL:     12   Next: 47%
Magic:  0/19       EV: 12    Int: 12    God:    Uskayaw [**....]
Gold:   95         SH:  6    Dex: 22    Spells: 11/11 levels left

rFire   . . .        a - +2 rapier (vamp)
rCold   . . .        c - +0 buckler
rNeg    + . .        s - +3 scale mail {rN+}
rPois   .            (no helmet)
rElec   .            J - +0 cloak
rCorr   .            t - +0 pair of gloves
SInv    .            l - +2 pair of boots
Will    +....        j - amulet of regeneration
Stlth   +++          e - +6 ring of dexterity
HPRegen 1.90/turn    (no ring)
MPRegen 0.16/turn

%: guardian spirit
@: studying Fighting
A: fangs 3, regeneration 1, magic shield, antimagic bite, no potion heal 2
a: Renounce Religion, Stomp, Line Pass


You were on level 2 of the Lair of Beasts.
You worshipped Uskayaw.
Uskayaw was aware of your devotion.
You visited 2 branches of the dungeon, and saw 11 of its levels.
You also visited: Bailey.

You collected 1135 gold pieces.
You spent 1040 gold pieces at shops.

Inventory:

Hand Weapons
 a - a +2 vampiric rapier (weapon)
Armour
 c - a +0 buckler (worn)
 l - a +2 pair of boots (worn)
 s - a +3 scale mail of positive energy (worn)
 t - a +0 pair of gloves (worn)
 H - +0 swamp dragon scales
 J - a +0 cloak (worn)
Jewellery
 e - a +6 ring of dexterity (left hand)
 g - a ring of wizardry
 j - an amulet of regeneration (around neck)
Wands
 m - a wand of mindburst (20)
 q - a wand of quicksilver (17)
 y - a wand of iceblast (9)
 A - a wand of digging (6)
 K - a wand of paralysis (6)
Scrolls
 h - 2 scrolls of teleportation
 p - 3 scrolls of blinking
 E - a scroll of silence
Potions
 b - 2 potions of berserk rage
 d - 8 potions of might
 f - a potion of ambrosia {unknown}
 i - 3 potions of attraction
 k - 2 potions of curing
 o - a potion of resistance
 r - a potion of degeneration {unknown}
 v - a potion of cancellation {unknown}
 z - 2 potions of haste
 C - a potion of flight {unknown}
 D - a potion of mutation {unknown}
Miscellaneous
 x - a phial of floods


   Skills:
 + Level 8.6 Fighting
 + Level 8.3 Short Blades
 + Level 7.7 Armour
 + Level 4.3 Dodging
 + Level 9.9 Stealth
 - Level 5.0 Shields
 + Level 8.4 Invocations


You had 11 spell levels left.
You didn't know any spells.
Your spell library contained the following spells:

 Spells                   Type           Power      Damage    Failure   Level
 Ensorcelled Hibernation  Hex/Ice        0%         N/A       86%         2
 Passwall                 Tmut/Erth      0%         N/A       86%         2
 Sublimation of Blood     Necr           0%         N/A       86%         2
 Wereblood                Tmut           0%         N/A       86%         2
 Dazzling Flash           Conj/Hex       0%         N/A       98%         3
 Frozen Ramparts          Ice            0%         1d1       98%         3
 Hailstorm                Conj/Ice       0%         3d3       98%         3
 Mephitic Cloud           Conj/Pois/Air  0%         N/A       98%         3
 Swiftness                Air            0%         N/A       98%         3
 Volatile Blastmotes      Fire/Tloc      0%         2d10      98%         3
 Ice Form                 Ice/Tmut       0%         N/A       100%        4
 Iskenderun's Mystic Bla  Conj/Tloc      0%         2d3       100%        4
 Manifold Assault         Tloc           0%         N/A       100%        4
 Olgreb's Toxic Radiance  Pois           0%         N/A       100%        4
 Summon Ice Beast         Ice/Summ       0%         N/A       100%        4
 Alistair's Intoxication  Tmut/Pois      0%         N/A       100%        5
 Dispersal                Tloc           0%         N/A       100%        6
 Simulacrum               Ice/Necr       0%         N/A       100%        6
 Starburst                Conj/Fire      0%         6d3       100%        6
 Summon Hydra             Summ           0%         N/A       100%        7
 Disjunction              Tloc           0%         N/A       100%        8
 Chain Lightning          Conj/Air       0%         N/A       100%        9
 Fire Storm               Conj/Fire      0%         5d1       100%        9
 Shatter                  Erth           0%         3d5*      100%        9


Dungeon Overview and Level Annotations

Branches:
Dungeon (9/15)             Temple (0/1) D:4            Lair (2/5) D:9
    Orc (0/2) D:9          Bailey (visited)
  Swamp: Lair:2-3    Shoals: Lair:2-3     Snake: Lair:2-3    Spider: Lair:2-3

Altars:
Ashenzari
Hepliaklqana
Kikubaaqudgha
Makhleb
Ru
Sif Muna
Uskayaw

Shops:
D:2 =   D:4 :

Annotations:
D:7 4 runed translucent doors


Innate Abilities, Weirdness & Mutations

You have razor-sharp teeth.
Your natural rate of healing is unusually fast.
When hurt, damage is shared between your health and your magic reserves.
Your bite disrupts and absorbs the magic of your enemies.
Potions cannot restore your health.


Message History

You hit the bog body. You bite the bog body.
The bog body's magic leaks into the air.
You drain its magic.
The bog body is lightly damaged.
The bog body casts a spell at you. The bolt of cold misses you.
You hit the bog body.
The bog body is lightly damaged.
The bog body misses you.
You hit the bog body. Your bite misses the bog body.
The bog body is lightly damaged.
The bog body touches you but does no damage.
You puncture the bog body! You bite the bog body!
The bog body's magic leaks into the air.
You drain its magic.
The bog body is severely damaged.
You can now pass through a line of other dancers.
You hit the bog body.
The bog body is severely damaged.
The bog body falters for a moment.
You hit the bog body. Your bite misses the bog body.
The bog body is severely damaged.
The bog body falters for a moment.
You barely miss the bog body.
The bog body is severely damaged.
The swamp worm bites you! The bog body touches you! The bog body freezes you!!
You are too injured to fight recklessly!
You are too injured to fight recklessly!
You are too injured to fight recklessly!
You hit the bog body. Your bite misses the bog body.
The bog body is almost destroyed.
The swamp worm bites you. The bog body touches you. The bog body freezes you!
* * * LOW HITPOINT WARNING * * *
The swamp worm bites you!
* * * LOW HITPOINT WARNING * * *
You barely miss the bog body.
You bite the bog body, but do no damage.
The bog body is almost destroyed.
The bog body touches you.
You die...

...'..#.....♣♣ ♣♣.........###.
...#P..#....♣♣~.♣≈♣♣..........##.
...##.##....♣♣~..~♣♣.......<.....
...P#.#.....♣♣~♣.≈♣♣...........+.
...##.##....♣♣≈..~♣♣..........##.
....#.......♣♣~..~♣♣.....)....##.
...##..#....♣♣~..~♣♣......[..P##.
...###.+....♣♣~wn~♣♣....<.....###
...# ##P.....♣♣.@♣♣.#.###.##### #
.### ###'#..♣~..~♣.### ### ###
### #.##.♣~..≈♣.## #.. ..##
##.#..♣~♣.~♣..# #.# ...##
#...#.♣♣..♣♣.## ### ....#
##.##..♣..♣..# # ...##
#..###.♣..♣..# # ...# #..#
#..⌠⌠..## # ...# ##.####....##


You could see a bog body (magic disrupted) and a swamp worm.

Vanquished Creatures
  A two-headed ogre (D:7)
  A bog body (Lair:2)
  A manticore (D:7)
  3 elephants (Lair:2)
  A gargoyle (D:7)
  A rime drake (Lair:2)
  Maggie (D:8)
  3 cane toads
  2 komodo dragons
  2 trolls
  A hornet (D:9)
  4 blink frogs (Lair:1)
  Prince Ribbit (D:9)
  3 shadows (D:9)
  22 yaks
  8 wyverns
  2 steam dragons
  12 water moccasins
  3 black bears
  4 orc warriors
  4 ice beasts
  A sky beast (D:8)
  5 ogres
  2 centaurs
  A phantom (D:7)
  7 kobold brigands
  8 bullfrogs
  A gnoll sergeant (D:7)
  4 scorpions
  A wight (D:7)
  2 troll zombies (D:9)
  10 killer bees (D:9)
  A lava snake (Lair:1)
  The ghost of sonasty the Magician, a weakling DEFE (D:3)
  7 hounds
  3 orc priests
  3 jellies
  A gnoll bouda (D:8)
  Jessica (D:2)
  4 sleepcaps
  4 iguanas
  5 orc wizards
  6 ogre zombies (D:9)
  10 gnolls
  16 adders
  A white imp (D:7)
  2 dart slugs
  21 orcs
  7 bats
  6 endoplasms
  7 giant cockroaches
  10 goblins
  8 hobgoblins
  4 jackals (D:1)
  4 quokkas
  2 ball pythons (D:1)
  4 frilled lizards (D:1)
  A goblin skeleton (D:9)
  2 goblin zombies (D:9)
  A hobgoblin skeleton (D:9)
  2 hobgoblin zombies (D:9)
  29 kobolds
  2 orc skeletons (D:9)
  17 orc zombies (D:9)
  10 rats
324 creatures vanquished.

Notes
Turn   | Place    | Note
-------+----------+-------------------------------------------
     0 | D:1      | Jerry the Vine Stalker Fighter began the quest for the Orb.
     0 | D:1      | Reached XP level 1. HP: 11/11 MP: 2/2
   149 | D:1      | Reached XP level 2. HP: 16/16 MP: 3/3
   432 | D:1      | Reached XP level 3. HP: 16/20 MP: 2/4
   516 | D:1      | Found a faded altar of an unknown god.
  1041 | D:2      | Noticed Jessica
  1057 | D:2      | Killed Jessica
  1058 | D:2      | Gained mutation: Your natural rate of healing is unusually
                  | fast. [Vine Stalker growth]
  1058 | D:2      | Reached XP level 4. HP: 17/24 MP: 3/5
  1358 | D:2      | Found Nitemyza's Jewellery Shop.
  1364 | D:2      | Identified the +0 ring mail of the Gate {rElec Will- SInv}
  1662 | D:2      | Found a hide-covered altar of Uskayaw.
  1674 | D:2      | Became a worshipper of Uskayaw the Reveller
  1732 | D:3      | Reached * piety under Uskayaw
  1861 | D:3      | Found a runed translucent door.
  1880 | D:3      | Noticed sonasty's ghost (weakling DEFE)
  2023 | D:3      | Noticed a scorpion
  2024 | D:3      | Reached ** piety under Uskayaw
  2030 | D:3      | Killed a scorpion
  2030 | D:3      | Reached *** piety under Uskayaw
  2031 | D:3      | Reached XP level 5. HP: 26/28 MP: 4/6
  2178 | D:3      | Found a runed translucent door.
  2215 | D:3      | Killed sonasty's ghost
  2216 | D:3      | Reached skill level 1 in Invocations
  2249 | D:3      | Reached XP level 6. HP: 33/33 MP: 7/7
  2517 | D:4      | Reached **** piety under Uskayaw
  2699 | D:4      | Reached XP level 7. HP: 37/37 MP: 9/9
  2785 | D:4      | Found Keleogit's Book Shop.
  2823 | D:4      | Found a staircase to the Ecumenical Temple.
  3199 | D:5      | Entered Level 5 of the Dungeon
  3224 | D:5      | Gained mutation: You have razor-sharp teeth. [Vine Stalker
                  | growth]
  3224 | D:5      | Reached XP level 8. HP: 42/42 MP: 11/11
  3384 | D:5      | Reached skill level 1 in Stealth
  4088 | D:6      | Got Kiarag's Parchment of Toxicants
  4135 | D:6      | Reached skill level 2 in Stealth
  4177 | D:6      | Reached skill level 5 in Fighting
  4180 | D:6      | Reached skill level 5 in Shields
  4301 | D:6      | Found a burning altar of Makhleb.
  4334 | D:6      | Found a hazy altar of Hepliaklqana.
  4363 | D:6      | Reached skill level 3 in Stealth
  4367 | D:6      | Reached XP level 9. HP: 47/47 MP: 13/13
  4505 | D:7      | Reached skill level 5 in Short Blades
  4577 | D:7      | Reached skill level 5 in Armour
  4609 | D:7      | Reached skill level 4 in Stealth
  4625 | D:7      | Reached ***** piety under Uskayaw
  4635 | D:7      | Found a flagged portal.
  4650 | Bailey   | Entered a bailey
  4691 | Bailey   | Reached skill level 5 in Invocations
  4746 | Bailey   | Found the +2 Maxwell's thermic engine {flame, freeze, rev}
  4803 | Bailey   | Reached skill level 5 in Stealth
  4828 | Bailey   | Found a bloodstained altar of Trog.
  4875 | D:7      | Noticed a manticore
  4884 | D:7      | Killed a manticore
  4885 | D:7      | Reached XP level 10. HP: 26/53 MP: 9/15
  4946 | D:7      | Found a large runed translucent door.
  4979 | D:7      | Found a large runed translucent door.
  4981 | D:7      | Found a large runed translucent door.
  4983 | D:7      | Noticed a gargoyle
  5016 | D:7      | Noticed a two-headed ogre
  5021 | D:7      | Killed a two-headed ogre
  5022 | D:7      | Reached skill level 6 in Stealth
  5024 | D:7      | Identified the +6 sling of Bloody Death {flame, rElec Int+3
                  | Dex+2}
  5105 | D:7      | Found a large runed translucent door.
  5123 | D:7      | Noticed a gargoyle
  5128 | D:7      | Killed a gargoyle
  5444 | D:7      | Found an ancient bone altar of Kikubaaqudgha.
  5445 | D:7      | Found a sacrificial altar of Ru.
  5552 | D:8      | Reached skill level 7 in Stealth
  5553 | D:8      | Reached skill level 1 in Dodging
  5762 | D:8      | Noticed Maggie
  5773 | D:8      | Killed Maggie
  5809 | D:8      | Reached XP level 11. HP: 57/58 MP: 15/17
  5843 | D:8      | You fall into a shaft and drop 1 floor!
  5953 | D:9      | Reached skill level 8 in Stealth
  5970 | D:9      | Reached ****** piety under Uskayaw
  5991 | D:9      | Found a staircase to the Lair.
  6032 | D:9      | Found a staircase to the Orcish Mines.
  6218 | D:9      | Noticed Prince Ribbit
  6230 | D:9      | Killed Prince Ribbit
  6477 | D:9      | Found a broken altar of Ashenzari.
  6684 | D:9      | Found a shimmering blue altar of Sif Muna.
  7145 | Lair:1   | Entered Level 1 of the Lair of Beasts
  7367 | Lair:1   | Reached skill level 9 in Stealth
  7529 | Lair:1   | Reached XP level 12. HP: 47/64 MP: 13/18
  8436 | D:4      | Bought a manual of Fighting for 1040 gold pieces
  8972 | Lair:2   | HP: 3/65 [swamp worm (6)]
  8973 | Lair:2   | Slain by a bog body

Illustrated notes

Levels and vault maps discovered:
D:1:      nicolae_arrival_washed_ashore, layout_basic,
          ebering_ecumenical_altar_webs
D:2:      layout_loops_ring, basic_altar, serial_forest,
          infiniplex_forest_straight_2, infiniplex_forest_diagonal,
          infiniplex_forest_lined_corner, infiniplex_forest_straight_1,
          infiniplex_forest_3_way, infiniplex_forest_clump_C,
          infiniplex_forest_clump_large, serial_shops, shop, uniq_jessica
D:3:      layout_basic, ebering_ghost_sewer_f
D:4:      layout_cave_pools, minmay_temple_entry_junction, serial_shops, shop,
          kennysheep_generic_room_5
D:5:      layout_loops_ring, minmay_misc_feat_enclosed
D:6:      layout_cave_pools, nzn_hepliaklqana_mist_gate,
          makhleb_heckhound_becter
D:7:      layout_cave_pools, gammafunk_temple_overflow_wave, enter_bailey_3,
          minmay_hollow_rounded_squares
D:8:      layout_basic, minmay_fountain_box, uniq_maggie
D:9:      layout_loops_ring, led_sif_pool, mainiacjoe_overflow_tiny_flanked,
          minmay_lair_entry_grove, zombieorc2_lemuel, uniq_prince_ribbit1
Lair:1:   layout_gridlike, st_stairs_10, lemuel_fruit_tree
Lair:2:   layout_roguey, nicolae_swamp_entry_splash_gauntlet

Skill      XL: |  1  2  3  4  5  6  7  8  9 10 11 12 |
---------------+-------------------------------------+-----
Short Blades   | 2 3 4 5 6 7 8 |  8.3
Fighting       | 3 4 5 6 7 8 |  8.6
Shields        | 3 4 5 |  5.0
Armour         | 3 4 5 6 7 |  7.7
Invocations    | 1 2 3 4 5 6 7 8 |  8.4
Stealth        | 3 5 7 9 |  9.9
Dodging        | 1 3 4 |  4.3

Action                     |  1- 3 |  4- 6 |  7- 9 | 10-12 || total
---------------------------+-------+-------+-------+-------++-------
  Melee: Rapier            |   101 |   189 |    64 |    80 ||   434
         Bite              |    28 |    46 |   101 |   177 ||   352
         Dagger            |       |       |   187 |   373 ||   560
         Double sword      |       |       |    30 |    32 ||    62
    Use: Scroll            |       |       |    10 |     9 ||    19
   Stab: Paralysed         |       |     5 |    19 |    35 ||    59
         Sleeping          |       |       |     3 |     6 ||     9
         Distracted        |       |       |       |     1 ||     1
 Armour: Scale mail        |    43 |    69 |    17 |   159 ||   288
         Steam dragon scal |       |       |    63 |       ||    63
  Dodge: Dodged            |    40 |   107 |   104 |   171 ||   422
  Block: Buckler           |    19 |    55 |    57 |   114 ||   245
